 Dungeon Crawl Stone Soup version 0.22-a0-422-g9628fc8 (webtiles) character file.

11401 Gorice the Basher (level 11, -1/68 HPs)
             Began as a Demonspawn Wanderer on May 19, 2018.
             Was a Follower of Kikubaaqudgha.
             Slain by a salamander
             ... wielding a +2 rapier of flaming
              (11 damage)
             ... in a volcano.
             The game lasted 00:59:49 (15288 turns).

Gorice the Basher (Demonspawn Wanderer)            Turns: 15288, Time: 00:59:50

Health: -1/68      AC: 12    Str: 13    XL:     11   Next: 48%
Magic:  0/31       EV: 13    Int: 16    God:    Kikubaaqudgha [*.....]
Gold:   581        SH:  0    Dex: 13    Spells: 18/24 levels left

rFire    . . .     SeeInvis .   a - +0 eveningstar (crush)
rCold    + . .     Gourm    .   (no shield)
rNeg     . . .     Faith    .   F - +0 ring mail {rC+}
rPois    .         Spirit   +   (helmet restricted)
rElec    .         Reflect  .   B - +0 cloak
rCorr    .         Harm     +   D - +0 pair of gloves
MR       .....                  K - +1 pair of boots {Stlth+}
Stlth    ++........             v - amulet of harm
HPRegen  0.21/turn              h - ring of magical power
MPRegen  0.44/turn              z - +3 ring of evasion

@: lethally poisoned (-1 -> -2), berserk cooldown, very slightly contaminated,
slowed, invisible, very slow
A: antennae 2, icy blue scales 2, magic shield, magic regeneration
a: Receive Corpses, Renounce Religion


You were in a volcano.
You worshipped Kikubaaqudgha.
Kikubaaqudgha was aware of your devotion.
You were not hungry.

You visited 3 branches of the dungeon, and saw 13 of its levels.
You also visited: Volcano.

You collected 581 gold pieces.

Inventory:

Hand Weapons
 a - a +0 eveningstar of crushing (weapon)
   (You found it on level 6 of the Dungeon)
 b - a +2 blowgun
Missiles
 g - 18 poisoned needles
 l - 3 javelins (quivered)
 E - 10 tomahawks
 I - 3 curare-tipped needles
 Y - 205 stones
 Z - a throwing net
Armour
 B - a +0 cloak (worn)
 D - a +0 pair of gloves (worn)
 F - a +0 ring mail of cold resistance (worn)
   (You took it off Ijyb on level 5 of the Dungeon)
 K - a +1 pair of boots of stealth (worn)
   (You found it on level 7 of the Dungeon)
Magical Staves
 w - an uncursed staff of poison
Jewellery
 h - a ring of magical power (left hand)
 m - an uncursed ring of protection from magic
 v - an amulet of harm (around neck)
 x - a +3 ring of strength
 z - a +3 ring of evasion (right hand)
Wands
 M - a wand of paralysis (8)
 P - a wand of flame (44)
Scrolls
 c - a scroll of identify
 e - 4 scrolls of teleportation {!r}
 k - a scroll of amnesia
 o - 3 scrolls of remove curse
 y - a scroll of magic mapping {!r}
 A - a scroll of enchant armour
 Q - 2 scrolls of fog
Potions
 j - 7 potions of flight
 p - 4 potions of heal wounds {!q}
 q - 5 potions of brilliance {!q}
 r - 3 potions of haste {!q}
 s - 4 potions of curing
 t - a potion of cancellation {!q}
 u - 3 potions of lignification {!q}
 C - a potion of might {!q}
 J - 3 potions of ambrosia
Comestibles
 f - 10 rations


   Skills:
 * Level 12.4 Maces & Flails
 - Level 1.0 Throwing
 - Level 1.0 Stealth
 - Level 7.3 Spellcasting
 - Level 11.0 Necromancy
   Level 1.7 Earth Magic


You had 18 spell levels left.
You knew the following spells:

 Your Spells              Type           Power        Failure   Level  Hunger
a - Pain                  Necr           ####         1%          1    None
b - Vampiric Draining     Necr           #####.....   1%          3    ##.....
s - Animate Skeleton      Necr           N/A          1%          1    None
A - Apportation           Tloc           #.....       26%         1    None

Your spell library contained the following spells:

 Spells                   Type           Power        Failure   Level  Hunger
 Confuse                  Hex            #.......     61%         3    ##.....
 Summon Small Mammal      Summ           #...         26%         1    None
 Regeneration             Chrm/Necr      ###.......   9%          3    ##.....
 Sting                    Conj/Pois      #...         26%         1    None
 Sublimation of Blood     Necr           #####.....   1%          2    None
 Tukima's Dance           Hex            #.......     61%         3    ##.....
 Corpse Rot               Necr           N/A          1%          2    None
 Spider Form              Tmut/Pois      #.........   61%         3    ##.....
 Blade Hands              Tmut           #.........   100%        5    #####..
 Ice Form                 Ice/Tmut       #.......     95%         4    ####...
 Confusing Touch          Hex            #.....       26%         1    None
 Sticks to Snakes         Tmut           #.......     36%         2    None
 Ensorcelled Hibernation  Hex/Ice        #.....       36%         2    None
 Corona                   Hex            #......      26%         1    None
 Beastly Appendage        Tmut           #.....       26%         1    None
 Dazzling Spray           Conj/Hex       #.....       61%         3    ##.....


Dungeon Overview and Level Annotations

Branches:
Dungeon (9/15)             Temple (1/1) D:6            Lair (3/6) D:8
 Spider (0/4) Lair:3
  Swamp: Lair:2-4    Shoals: Lair:2-4       Orc: D:9-12

Altars:
Ashenzari
Cheibriados
Dithmenos
Elyvilon
Fedhas
Gozag
Hepliaklqana
Kikubaaqudgha
Makhleb
Nemelex Xobeh
Okawaru
Qazlal
Ru
Sif Muna
Trog
Uskayaw
Vehumet
Wu Jian
Xom
Yredelemnul
Zin
The Shining One

Shops:
D:4 [   D:7 *   D:9 =

Annotations:
D:3 Gruesome's ghost, amateur FoFi
Lair:2 exclusion: oklob plant


Innate Abilities, Weirdness & Mutations

You have a pair of antennae on your head.
You are mostly covered in icy blue scales. (AC +3)
When hurt, damage is shared between your health and your magic reserves.
You regenerate magic rapidly.


Message History

Unknown command.
You sock the hell hound!
You kill the hell hound!
Kikubaaqudgha accepts your kill.
You feel sick.
Damage: 1 (max 22)
The centaur shoots an arrow.
The arrow hits the salamander!
The salamander shoots an arrow.
The arrow hits you!
* * * LOW HITPOINT WARNING * * *
The arrow burns you.
* * * LOW HITPOINT WARNING * * *
Items here: ( ))) †† Damage: 15 (max 15)
You feel a strong urge to attack something.
You pick up Kikubaaqudgha's Compendium of Dark Rituals and begin reading...
You add the spells Corpse Rot, Sublimation of Blood and Regeneration to your library.
There is a rocky tunnel leading out of this place here.
You are no longer berserk.
You are exhausted.
You feel yourself slow down.
Damage: 2 (max 15) Unknown command.
Really quaff
p - 5 potions of heal wounds {!q}?
You feel much better.
The salamander unwields an uncursed shortbow of flaming.
It stops flaming.
The salamander wields an uncursed rapier of flaming.
It bursts into flame!
The salamander misses you.
You thump the salamander!
The salamander is moderately wounded.
The sentinel's mark upon you fades away.
You feel sick. The salamander closely misses you.
Damage: 1 (max 1)
You closely miss the salamander.
The salamander is moderately wounded.
The salamander hits you with an uncursed rapier of flaming.
* * * LOW HITPOINT WARNING * * *
You are engulfed in flames!
* * * LOW HITPOINT WARNING * * *
The salamander burns you.
* * * LOW HITPOINT WARNING * * *
Damage: 12 (max 12)
You hit the salamander but do no damage.
The salamander is moderately wounded.
The salamander hits you but does no damage.
Unknown command.
You feel sick.
The salamander hits you with an uncursed rapier of flaming!
You die...
Kikubaaqudgha rasps: "You have failed me!
Welcome... death!"

≈≈≈≈≈≈.
≈≈≈≈.≈.##{ .≈
≈≈≈≈≈≈..####...
≈≈≈≈≈≈.........
≈≈≈≈≈≈........≈
#†#### ##c((##
####)# #@N##
####


You could see a salamander.

Vanquished Creatures
  2 salamanders (Volcano)
  A black mamba (Lair:1)
  A spiny frog (Lair:2)
  A gargoyle (D:9)
  2 komodo dragons (Lair:1)
  A troll (D:8)
  6 hippogriffs
  17 yaks
  A wyvern (Lair:2)
  2 fire bats (Volcano)
  A hungry ghost (D:9)
  A water moccasin (Lair:2)
  A porcupine (Lair:2)
  Duvessa (D:6)
  A hell hound (Volcano)
  2 orc warriors
  2 ice beasts
  An eye of draining (D:8)
  4 phantoms
  2 ogres
  A sky beast (D:9)
  A black bear (D:8)
  4 centaurs
  3 crocodiles
  2 big kobolds
  10 bullfrogs
  Dowan (D:6)
  12 scorpions
  3 howler monkeys
  3 crimson imps
  3 hounds
  2 centaur zombies
  4 orc priests
  2 bullfrog skeletons
  A centaur skeleton (D:8)
  2 jellies (D:7)
  9 orc wizards
  3 iguanas
  Ijyb (D:5)
  Natasha (thrice) (D:3)
  6 worker ants
  A hound zombie (D:7)
  2 hound skeletons
  15 adders
  3 shadow imps
  An adder skeleton (D:9)
  2 worms
  3 dart slugs
  4 leopard geckos
  20 orcs
  A ball python (D:2)
  11 bats
  5 giant cockroaches
  7 goblins
  7 hobgoblins
  5 jackals
  5 quokkas
  3 frilled lizards
  A jackal skeleton (D:6)
  12 kobolds
  8 rats
  A fungus (D:6)
243 creatures vanquished.

Vanquished Creatures (collateral kills)
  A fungus (Lair:2)
1 creature vanquished.

Vanquished Creatures (others)
  A centaur (Volcano)
  7 fungi
  A plant (D:8)
9 creatures vanquished.

Grand Total: 253 creatures vanquished

Notes
Turn   | Place    | Note
-------+----------+-------------------------------------------
     0 | D:1      | Gorice the Demonspawn Wanderer began the quest for the Orb.
     0 | D:1      | Gorice set off with: a curare-tipped needle, a +2 blowgun, a +0 robe, a ration
     0 | D:1      | Reached XP level 1. HP: 13/13 MP: 4/4
     2 | D:1      | Learned a level 1 spell: Pain
   171 | D:1      | Gained mutation: You are partially covered in icy blue scales. (AC +2) [demonic ancestry]
   171 | D:1      | Reached XP level 2. HP: 7/19 MP: 3/6
   433 | D:1      | Reached skill level 4 in Necromancy
   537 | D:1      | HP: 5/19 [rat (3)]
  1026 | D:1      | Found a sparkling altar of Nemelex Xobeh.
  1346 | D:2      | Reached XP level 3. HP: 12/24 MP: 4/7
  1348 | D:2      | HP: 7/24 [jackal (2)]
  1362 | D:2      | Learned a level 3 spell: Vampiric Draining
  1623 | D:2      | Found a faded altar of an unknown god.
  1659 | D:2      | Reached skill level 5 in Necromancy
  1959 | D:2      | HP: 7/24 [poisoned by an adder]
  1962 | D:2      | Gained mutation: You are mostly covered in icy blue scales. (AC +3) [demonic ancestry]
  1962 | D:2      | Reached XP level 4. HP: 6/30 MP: 7/8
  2580 | D:2      | Found a bloodstained altar of Trog.
  2614 | D:2      | Reached skill level 6 in Necromancy
  3204 | D:3      | Reached XP level 5. HP: 34/35 MP: 9/9
  3262 | D:3      | Noticed Natasha
  3272 | D:3      | Killed Natasha
  3405 | D:3      | Noticed Natasha
  3408 | D:3      | Killed Natasha
  3515 | D:3      | Noticed Natasha
  3521 | D:3      | Killed Natasha
  3521 | D:3      | Reached skill level 7 in Necromancy
  3897 | D:3      | Noticed Gruesome's ghost (amateur FoFi)
  4288 | D:4      | Gained mutation: When hurt, damage is shared between your health and your magic reserves. [demonic ancestry]
  4288 | D:4      | Reached XP level 6. HP: 39/41 MP: 11/11
  4368 | D:4      | Found a basalt altar of Yredelemnul.
  4429 | D:4      | Found Wiloin's Armour Shop.
  5007 | D:5      | Entered Level 5 of the Dungeon
  5062 | D:5      | Noticed Ijyb
  5071 | D:5      | Killed Ijyb
  5071 | D:5      | Reached skill level 4 in Spellcasting
  5100 | D:5      | Noticed an ice beast
  5106 | D:5      | Killed an ice beast
  5106 | D:5      | Reached skill level 8 in Necromancy
  5106 | D:5      | Gained mutation: You have a pair of small antennae on your head. [demonic ancestry]
  5106 | D:5      | Reached XP level 7. HP: 28/46 MP: 2/13
  5384 | D:5      | Reached skill level 9 in Necromancy
  5819 | D:5      | Noticed a troll
  5833 | D:5      | Reached skill level 5 in Spellcasting
  6004 | D:6      | Reached XP level 8. HP: 32/52 MP: 11/15
  6290 | D:6      | Reached skill level 10 in Necromancy
  6608 | D:6      | Paralysed by fainting for 11 turns
  6750 | D:6      | Paralysed by fainting for 8 turns
  6798 | D:5      | Paralysed by fainting for 7 turns
  6828 | D:5      | Paralysed by fainting for 8 turns
  6853 | D:5      | Paralysed by fainting for 8 turns
  6870 | D:5      | Paralysed by fainting for 12 turns
  6892 | D:5      | Paralysed by fainting for 11 turns
  6942 | D:6      | Found a staircase to the Ecumenical Temple.
  7046 | D:6      | Reached skill level 6 in Spellcasting
  7272 | D:6      | Reached skill level 11 in Necromancy
  7558 | D:6      | Noticed Dowan
  7562 | D:6      | Noticed Duvessa
  7571 | D:6      | Killed Duvessa
  7571 | D:6      | Reached skill level 1 in Maces & Flails
  7572 | D:6      | Killed Dowan
  7761 | Temple   | Entered the Ecumenical Temple
  8119 | D:7      | Reached XP level 9. HP: 55/57 MP: 18/18
  8166 | D:7      | Reached skill level 2 in Maces & Flails
  8263 | D:7      | Reached skill level 3 in Maces & Flails
  8328 | D:7      | Found Bebbaetz's Assorted Antiques.
  8773 | D:7      | Reached skill level 4 in Maces & Flails
  8773 | D:7      | Reached skill level 7 in Spellcasting
  9162 | D:8      | Reached skill level 5 in Maces & Flails
  9522 | D:8      | Reached skill level 6 in Maces & Flails
  9900 | D:8      | HP: 15/57 [troll (9)]
  9900 | D:8      | HP: 2/57 [troll (6)]
  9909 | D:8      | HP: 6/57 [troll (1)]
 10323 | D:8      | Learned a level 1 spell: Animate Skeleton
 10325 | D:8      | Learned a level 1 spell: Apportation
 10331 | D:8      | Found a staircase to the Lair.
 10431 | D:8      | Killed a troll
 10431 | D:8      | Reached skill level 7 in Maces & Flails
 10431 | D:8      | Gained mutation: You regenerate magic rapidly. [demonic ancestry]
 10431 | D:8      | Reached XP level 10. HP: 49/63 MP: 13/21
 10542 | D:9      | Noticed a gargoyle
 10552 | D:9      | HP: 14/63 [gargoyle/mace (9)]
 10553 | D:9      | Killed a gargoyle
 10936 | D:9      | Reached skill level 8 in Maces & Flails
 11166 | D:9      | Found Luatiq's Jewellery Shoppe.
 11244 | D:9      | Got a steaming halberd
 11245 | D:9      | Identified the +4 halberd "Turoruts" {flame, rElec rC- SInv Stlth+} (You found it on level 9 of the Dungeon)
 11498 | D:9      | Found a white marble altar of Elyvilon.
 11597 | D:9      | Found a deep blue altar of Sif Muna.
 11607 | D:9      | Found an ancient bone altar of Kikubaaqudgha.
 11625 | D:9      | Found a radiant altar of Vehumet.
 11635 | D:9      | Identified Vehumet's Disquisition on Conjuration
 11647 | D:9      | Became a worshipper of Kikubaaqudgha
 12087 | Lair:1   | Entered Level 1 of the Lair of Beasts
 12186 | Lair:1   | Reached skill level 9 in Maces & Flails
 12573 | Lair:1   | Reached skill level 10 in Maces & Flails
 12617 | Lair:1   | Noticed a black mamba
 12625 | Lair:1   | Killed a black mamba
 13377 | Lair:2   | Got a crude rapier
 13402 | Lair:2   | Noticed a spiny frog
 13411 | Lair:2   | Killed a spiny frog
 13411 | Lair:2   | Gained mutation: You have a pair of antennae on your head. [demonic ancestry]
 13411 | Lair:2   | Reached XP level 11. HP: 64/68 MP: 22/22
 13471 | Lair:2   | Reached skill level 11 in Maces & Flails
 13613 | Lair:2   | Noticed an oklob plant
 13737 | Lair:2   | Got a warped chain mail
 13754 | Lair:2   | Identified the cursed +0 chain mail of the Yeti {*Drain rF+ SInv} (You found it on level 2 of the Lair of Beasts)
 13824 | Lair:2   | HP: 14/68 [yak (12)]
 13827 | Lair:2   | HP: 5/68 [yak (9)]
 15234 | Lair:3   | Found a dark tunnel.
 15239 | Volcano  | Entered a volcano
 15264 | Volcano  | Reached skill level 12 in Maces & Flails
 15275 | Volcano  | HP: 26/102 [fire bat (8)]
 15277 | Volcano  | Reached * piety under Kikubaaqudgha
 15277 | Volcano  | Identified Kikubaaqudgha's Compendium of Dark Rituals (Kikubaaqudgha gifted it to you in a volcano)
 15277 | Volcano  | Received a gift from Kikubaaqudgha
 15280 | Volcano  | HP: 21/102 [poisoned by a salamander]
 15281 | Volcano  | HP: 9/102 [salamander/arrow (12)]
 15286 | Volcano  | HP: 19/68 [salamander/uncursed rapier of flaming (3)]
 15288 | Volcano  | Slain by a salamander

Vault maps used:
D:1:      mrwooster_arrival_statue_3, nemelex_xobeh_ov_fountains_minmay
D:2:      lightli_temple_of_fire, chequers_ecumenical_altar_island
D:3:      uniq_natasha
D:4:      nicolae_overflow_crystal_walls, first_ration, serial_shops, shop,
          grunt_ministairs_6
D:5:      kennysheep_big_flooded_room, uniq_ijyb
D:6:      old_forge, temple_statues, uniq_duvessa
D:7:      serial_shops, shop, kennysheep_small_circle
D:8:      dpeg_oklobed_lair
D:9:      palyth_temple_overflow_mages, elyvilon_altar_1, serial_shops,
          kennysheep_little_box, serial_co_window_serial, co_window_corner_a,
          co_window_of_opportunity_a, co_window_of_opportunity_a,
          co_window_paths_a, co_window_paths_a, co_window_broadway_a,
          co_window_broadway_b, co_window_of_opportunity_c,
          co_window_of_opportunity_b, co_window_of_opportunity_c,
          glass_columns_b, glass_columns_b, glass_columns_c
Temple:   regret_index_temple_sphere_string
Lair:2:   minivault_19, minmay_lair_oklob_bushes
Lair:3:   spider_nest_entry_a, enter_volcano_1, minmay_stone_trees_medium,
          serial_bayou_pond_a, nicolae_quartered_pool_little
Volcano:  volcano_village

Skill      XL: |  1  2  3  4  5  6  7  8  9 10 11 |
---------------+----------------------------------+-----
Necromancy     | 4 5 6 7 8 9 11 | 11.0
Spellcasting   | 4 5 6 7 |  7.3
Maces & Flails | 1 7 10 12 | 12.4
Throwing       | |  1.0
Stealth        | |  1.0
Earth Magic    | |  1.7

Action                   |  1- 3 |  4- 6 |  7- 9 | 10-12 || total
-------------------------+-------+-------+-------+-------++-------
Melee: Whip              |     7 |       |    24 |       ||    31
       Unarmed           |     1 |       |       |       ||     1
       Mace              |       |    45 |   321 |       ||   366
       Eveningstar       |       |       |   171 |   227 ||   398
       Flail             |       |       |    25 |       ||    25
       Morningstar       |       |       |    11 |       ||    11
 Fire: Blowgun           |     1 |       |       |       ||     1
Throw: Tomahawk          |       |       |     6 |       ||     6
       Javelin           |       |       |     4 |       ||     4
 Cast: Pain              |    83 |   107 |   183 |    74 ||   447
       Vampiric Draining |       |     3 |    37 |    40 ||    80
       Animate Skeleton  |       |       |       |     1 ||     1
       Apportation       |       |       |       |     2 ||     2
Evoke: Wand              |       |       |    23 |     1 ||    24
  Use: Scroll            |     4 |     5 |    11 |    11 ||    31
       Potion            |       |       |     1 |     3 ||     4
 Stab: Sleeping          |       |       |       |     5 ||     5
       Paralysed         |       |       |       |     4 ||     4
  Eat: Chunk             |     4 |    11 |    21 |    13 ||    49
       Ration            |       |       |    11 |     2 ||    13
Armor: Ring mail         |    27 |    33 |   518 |   109 ||   687
       Robe              |     3 |       |       |       ||     3
       Scale mail        |       |    19 |       |       ||    19
Dodge: Dodged            |    44 |    42 |   435 |   104 ||   625

Table legend:
 A = Spawn XP
 B = Non-spawn XP
 C = Spawn XP percentage of total XP
 D = Spawn monster count
 E = Non-spawn monster count
 F = Spawn count percentage of total count
 G = Total turns spent on level
                    A         B        C        D         E        F      G
               +---------+---------+-------+---------+---------+-------+---------
         Total |       0 |   16288 |   0.0 |       0 |     242 |   0.0 | 15288
               +---------+---------+-------+---------+---------+-------+---------
           D:1 |       0 |      36 |   0.0 |       0 |      19 |   0.0 |  1334
           D:2 |       0 |     156 |   0.0 |       0 |      27 |   0.0 |  1824
           D:3 |       0 |     173 |   0.0 |       0 |      20 |   0.0 |  1010
           D:4 |       0 |     255 |   0.0 |       0 |      10 |   0.0 |   851
           D:5 |       0 |     790 |   0.0 |       0 |      21 |   0.0 |  1165
           D:6 |       0 |    1370 |   0.0 |       0 |      33 |   0.0 |  1658
           D:7 |       0 |    1231 |   0.0 |       0 |      21 |   0.0 |  1489
           D:8 |       0 |    1584 |   0.0 |       0 |      27 |   0.0 |  1096
           D:9 |       0 |    2012 |   0.0 |       0 |      23 |   0.0 |  1508
        Lair:1 |       0 |    2674 |   0.0 |       0 |      12 |   0.0 |  1553
        Lair:2 |       0 |    4375 |   0.0 |       0 |      23 |   0.0 |  1527
       Volcano |       0 |    1632 |   0.0 |       0 |       6 |   0.0 |    49
               +---------+---------+-------+---------+---------+-------+---------

Table legend:
 A = Turns spent in this place as a percentage of turns spent in the entire game.
 B = Non-inter-level travel turns spent in this place as a percentage of non-inter-level travel turns spent in the entire game.
 C = Inter-level travel turns spent in this place as a percentage of turns spent in this place.
 D = Turns resting spent in this place as a percentage of non-inter-level travel turns spent in this place.
 E = Turns spent auto-exploring this place as a percentage of non-inter-level travel turns spent in this place.
 F = Non-inter-level travel turns spent in this place divided by the number of levels of this place that you've seen.
                   A       B       C       D       E      F
               +-------+-------+-------+-------+-------+----------------------
         Total | 100.0 | 100.0 |   4.1 |  29.6 |  41.6 | 1047.1
       Dungeon |  78.1 |  77.6 |   4.7 |  28.2 |  41.6 | 1264.2
        Temple |   1.0 |   1.0 |   4.6 |   0.0 |  98.6 | 145.0
          Lair |  20.6 |  21.1 |   2.0 |  36.7 |  39.6 | 1029.3
       Volcano |   0.3 |   0.3 |   0.0 |   4.1 |   0.0 |  49.0
               +-------+-------+-------+-------+-------+----------------------

Vault maps used:
D:1:      mrwooster_arrival_statue_3, nemelex_xobeh_ov_fountains_minmay
D:2:      lightli_temple_of_fire, chequers_ecumenical_altar_island
D:3:      uniq_natasha
D:4:      nicolae_overflow_crystal_walls, first_ration, serial_shops, shop,
          grunt_ministairs_6
D:5:      kennysheep_big_flooded_room, uniq_ijyb
D:6:      old_forge, temple_statues, uniq_duvessa
D:7:      serial_shops, shop, kennysheep_small_circle
D:8:      dpeg_oklobed_lair
D:9:      palyth_temple_overflow_mages, elyvilon_altar_1, serial_shops,
          kennysheep_little_box, serial_co_window_serial, co_window_corner_a,
          co_window_of_opportunity_a, co_window_of_opportunity_a,
          co_window_paths_a, co_window_paths_a, co_window_broadway_a,
          co_window_broadway_b, co_window_of_opportunity_c,
          co_window_of_opportunity_b, co_window_of_opportunity_c,
          glass_columns_b, glass_columns_b, glass_columns_c
Temple:   regret_index_temple_sphere_string
Lair:2:   minivault_19, minmay_lair_oklob_bushes
Lair:3:   spider_nest_entry_a, enter_volcano_1, minmay_stone_trees_medium,
          serial_bayou_pond_a, nicolae_quartered_pool_little
Volcano:  volcano_village
